 Dungeon Crawl Stone Soup version 0.20.0-1-g1cb1d84 (webtiles) character file.

4323 skittles the Destroyer (level 10, -38/79 HPs)
             Began as a White Draconian Fire Elementalist on May 26, 2017.
             Was a Follower of Vehumet.
             Killed from afar by skittles's ghost (48 damage)
             ... with a fireball
             ... on level 9 of the Dungeon.
             The game lasted 00:19:48 (7720 turns).

skittles the Destroyer (DrFE)                       Turns: 7720, Time: 00:19:48

Health: -38/79     AC: 10    Str: 14    XL:     10   Next: 11%
Magic:  15/16      EV: 11    Int: 37    God:    Vehumet [*.....]
Gold:   383        SH: 11    Dex: 16    Spells: 8/17 levels left

rFire    x . .     SeeInvis .   q - +2 rapier of Yqolang {elec, *Slow rF- Int+10 Dex+4}
rCold    + . .     Gourm    .   f - +0 shield {reflect}
rNeg     + . .     Faith    .   (armour unavailable)
rPois    .         Spirit   .   (helmet restricted)
rElec    +         Reflect  +   A - +1 cloak {+Inv}
rCorr    .         Harm     .   u - +0 pair of gloves
MR       .....                  (no boots)
Stlth    +++.......             w - amulet of regeneration
Regen    0.7/turn               B - +3 ring of intelligence
MPRegen  0.2/turn               v - ring "Paempir" {rElec rN+ Str+3 Int+6 Stlth+}

@: no status effects
A: breathe frost, unfitting armour, cold resistance 1, cold-blooded, AC +7
a: Breathe Frost, Renounce Religion, Evoke Invisibility


You were on level 9 of the Dungeon.
You worshipped Vehumet.
Vehumet was aware of your devotion.
You were not hungry.

You visited 2 branches of the dungeon, and saw 10 of its levels.

You collected 502 gold pieces.
You spent 119 gold pieces at shops.

Inventory:

Hand Weapons
 q - the +2 rapier of Yqolang (weapon) {elec, *Slow rF- Int+10 Dex+4}
   (You found it on level 4 of the Dungeon)

   Occasionally, upon striking a foe, it will discharge some electrical energy
   and cause terrible harm.
   It affects your intelligence (+10).
   It affects your dexterity (+4).
   It makes you vulnerable to fire.
   It may slow you when you take damage.
Armour
 f - a +0 shield of reflection (worn)
 u - a +0 pair of gloves (worn)
 A - a +1 cloak of invisibility (worn)
Jewellery
 m - a +6 ring of dexterity
 p - an uncursed ring of flight
 v - the ring "Paempir" (right hand) {rElec rN+ Str+3 Int+6 Stlth+}
   (You found it on level 7 of the Dungeon)

   [ring of positive energy]

   It affects your strength (+3).
   It affects your intelligence (+6).
   It insulates you from electricity.
   It protects you from negative energy.
   It makes you more stealthy.
 w - an amulet of regeneration (around neck)
 B - a +3 ring of intelligence (left hand)
Scrolls
 h - 2 scrolls of immolation {unknown}
 k - a scroll of random uselessness {unknown}
 n - 2 scrolls of enchant weapon {unknown}
 s - 2 scrolls of teleportation {unknown}
 t - a scroll of recharging {unknown}
 E - a scroll of acquirement {unknown}
 I - a scroll of amnesia {unknown}
Potions
 e - 3 potions of lignification
 i - a potion of heal wounds
 j - 3 potions of brilliance
 l - 4 potions of curing
 x - 4 potions of haste
 z - a potion of might
 C - 4 potions of invisibility
 F - a potion of cancellation {unknown}
 G - a potion of mutation {unknown}
 H - a potion of resistance {unknown}
Books
 a - a book of Flames

   Spells                             Type                      Level
   a - Flame Tongue                   Conjuration/Fire             1
   b - Throw Flame                    Conjuration/Fire             2
   c - Conjure Flame                  Conjuration/Fire             3
   d - Inner Flame                    Hexes/Fire                   3
   e - Sticky Flame                   Conjuration/Fire             4
   f - Fireball                       Conjuration/Fire             5
 c - a book of Geomancy

   Spells                             Type                      Level
   a - Sandblast                      Earth                        1
   b - Passwall                       Transmutation/Earth          2
   c - Stone Arrow                    Conjuration/Earth            3
   d - Petrify                        Transmutation/Earth          4
   e - Lee's Rapid Deconstruction     Earth                        5
 r - a book of Cantrips

   Spells                             Type                      Level
   a - Confusing Touch                Hexes                        1
   b - Animate Skeleton               Necromancy                   1
   c - Summon Small Mammal            Summoning                    1
   d - Apportation                    Translocation                1
 y - a book of Misfortune

   Spells                             Type                      Level
   a - Confusing Touch                Hexes                        1
   b - Confuse                        Hexes                        3
   c - Gell's Gravitas                Translocation                3
   d - Petrify                        Transmutation/Earth          4
   e - Metabolic Englaciation         Hexes/Ice                    5
   f - Yara's Violent Unravelling     Hexes/Transmutation          5
Comestibles
 b - 7 bread rations
 d - 4 meat rations
 g - 4 royal jellies
 D - 7 fruits


   Skills:
 + Level 4.2 Fighting
 - Level 1.7 Dodging
 - Level 1.7 Stealth
 + Level 8.2 Shields
 + Level 4.1 Spellcasting
 + Level 9.2 Conjurations
 - Level 4.8 Fire Magic
 + Level 2.9 Ice Magic


You had 8 spell levels left.
You knew the following spells:

 Your Spells              Type           Power        Failure   Level  Hunger
a - Flame Tongue          Conj/Fire      #####        1%          1    None
b - Conjure Flame         Conj/Fire      ######..     1%          3    None
c - Sticky Flame          Conj/Fire      ######..     4%          4    ###....
d - Freeze                Ice            ####         2%          1    None


Dungeon Overview and Level Annotations

Branches:
Dungeon (9/15)             Temple (1/1) D:6
   Lair: D:8-11         Orc: D:9-12

Altars:
Cheibriados
Dithmenos
Kikubaaqudgha
Nemelex Xobeh
Okawaru
Qazlal
Ru
Uskayaw
Vehumet
Xom
Yredelemnul
Zin

Shops:
D:4 [

Annotations:
D:9 skittles's ghost, novice DrFE


Innate Abilities, Weirdness & Mutations

You can breathe waves of freezing cold.
You can buffet flying creatures when you breathe cold.
Your icy white scales are hard. (AC +7)
You cannot fit into any form of body armour.
Your flesh is cold resistant. (rC+)
You are cold-blooded and may be slowed by cold attacks.


Message History

Aiming: Flame Tongue
Press: ? - help, Shift-Dir - straight line, f/p - skittles's ghost
Aim: skittles's ghost (lightly damaged)
The flame tongue hits skittles's ghost.
Skittles's ghost is lightly damaged.
Skittles's ghost laughs crazily.
Skittles's ghost gestures at you while chanting.
The flame tongue hits you! The fire burns you terribly!
Ouch! That really hurt!
All of the chunks of flesh in your inventory have rotted away.
You see here 18 bolts.
Skittles's ghost says, "Would you like to be cremated?"
Skittles's ghost keens inconsolably.
Skittles's ghost casts a spell at you.
The fireball explodes!
The fireball engulfs you! The fire burns you terribly!
* * * LOW HITPOINT WARNING * * *
Skittles's ghost casts a spell at you.
The fireball explodes!
The fireball engulfs you! The fire burns you terribly!
Ouch! That really hurt!
You die...

................####.........#
########.W...................#
#...##.#######.........#
####o####o# #.........#
######(...# #W# #.........#
#......#### #.## #.........#
..###### #..# #.........# ###
##.## #.........# # #.@#
#####.##### ##..# ##...#....##
##.###.........^##
............(..#
...............#
#...............#
...<..........##
...##....#...## #####.####
..####.#####


You could see skittles's ghost and an orc.

Vanquished Creatures
  A two-headed ogre (D:8)
  The ghost of Feta the Cleaver, a novice FoFi of Okawaru (D:8)
  Pikel (D:7)
  A hippogriff (D:8)
  2 hungry ghosts (D:8)
  2 orc warriors
  3 phantoms
  3 sky beasts
  A centaur (D:4)
  2 ogres
  A gnoll sergeant (D:8)
  A bullfrog (D:7)
  A water moccasin zombie (D:8)
  A wyvern skeleton (D:6)
  A water moccasin skeleton (D:4)
  A howler monkey (D:4)
  3 crimson imps
  3 hounds
  A quasit (D:8)
  2 orc priests
  A bullfrog zombie (D:6)
  A jelly (D:6)
  2 bullfrog skeletons
  A centaur skeleton (D:8)
  5 orc wizards
  Crazy Yiuf (D:6)
  An iguana (D:6)
  3 worker ants
  A hound skeleton (D:4)
  9 gnolls
  5 adders
  An ooze (D:1)
  3 adder skeletons
  2 worms
  3 dart slugs
  4 leopard geckos
  24 orcs
  2 ball pythons
  2 giant cockroaches
  6 goblins
  5 hobgoblins (D:1)
  22 jackals
  A quokka (D:7)
  5 bats
  5 frilled lizards
  8 kobolds
  2 leopard gecko skeletons
  A leopard gecko zombie (D:6)
  A quokka skeleton (D:8)
  5 rats
164 creatures vanquished.

Vanquished Creatures (others)
  2 slaves (D:7)
  A centaur (D:7)
  A centaur zombie (D:7)
  An iguana (D:7)
5 creatures vanquished.

Grand Total: 169 creatures vanquished

Notes
Turn   | Place    | Note
-------+----------+-------------------------------------------
     0 | D:1      | skittles the Draconian Fire Elementalist began the quest for the Orb.
     0 | D:1      | Reached XP level 1. HP: 14/14 MP: 3/3
   284 | D:1      | Reached XP level 2. HP: 16/20 MP: 1/5
   888 | D:1      | Reached skill level 2 in Conjurations
  1215 | D:1      | Reached XP level 3. HP: 26/26 MP: 6/6
  1565 | D:2      | Found a faded altar of an unknown god.
  2157 | D:3      | Found a shimmering altar of Xom.
  2158 | D:3      | Found a shimmering altar of Xom.
  2160 | D:3      | Found a shimmering altar of Xom.
  2162 | D:3      | Found a shimmering altar of Xom.
  2165 | D:3      | Found a shimmering altar of Xom.
  2165 | D:3      | Found a shimmering altar of Xom.
  2205 | D:3      | Reached XP level 4. HP: 33/33 MP: 7/7
  2314 | D:3      | Reached skill level 3 in Conjurations
  2703 | D:4      | Noticed a centaur
  2710 | D:4      | Killed a centaur
  2710 | D:4      | Reached skill level 5 in Fire Magic
  2710 | D:4      | Reached XP level 5. HP: 32/38 MP: 1/8
  2713 | D:4      | Got a faintly glowing rapier
  2714 | D:4      | Identified the +2 rapier of Yqolang {elec, *Slow rF- Int+10 Dex+4} (You found it on level 4 of the Dungeon)
  2750 | D:4      | Found Zeomano's Armour Shop.
  2761 | D:4      | Reached skill level 4 in Conjurations
  2763 | D:4      | Bought a +0 shield of reflection for 119 gold pieces
  2778 | D:4      | Reached XP level 6. HP: 22/45 MP: 7/9
  2858 | D:4      | Reached skill level 1 in Shields
  3288 | D:5      | Entered Level 5 of the Dungeon
  3364 | D:5      | Learned a level 3 spell: Conjure Flame
  3369 | D:5      | Learned a level 4 spell: Sticky Flame
  3605 | D:5      | Noticed a sky beast
  3617 | D:5      | Killed a sky beast
  3617 | D:5      | Your scales start taking on an icy white colour.
  3617 | D:5      | Reached XP level 7. HP: 45/50 MP: 8/10
  3617 | D:5      | Gained mutation: Your flesh is cold resistant. (rC+) [White Draconian growth]
  3673 | D:5      | Found a sparkling altar of Nemelex Xobeh.
  3771 | D:5      | Reached skill level 5 in Conjurations
  4836 | D:6      | Reached skill level 6 in Conjurations
  4906 | D:6      | Reached XP level 8. HP: 57/57 MP: 11/11
  5188 | D:6      | Reached skill level 5 in Shields
  5257 | D:6      | Found a staircase to the Ecumenical Temple.
  5286 | Temple   | Entered the Ecumenical Temple
  5355 | Temple   | Became a worshipper of Vehumet
  5565 | D:6      | Found a runed door.
  5611 | D:6      | Reached skill level 7 in Conjurations
  5779 | D:6      | Noticed Crazy Yiuf
  5784 | D:6      | Killed Crazy Yiuf
  5837 | D:7      | Noticed Pikel
  5848 | D:7      | Killed Pikel
  5848 | D:7      | Reached skill level 8 in Conjurations
  5848 | D:7      | Reached XP level 9. HP: 42/62 MP: 4/12
  5855 | D:7      | Got a serpentine lapis lazuli ring
  5857 | D:7      | Identified the ring "Paempir" {rElec rN+ Str+3 Int+6 Stlth+} (You found it on level 7 of the Dungeon)
  6328 | D:7      | Found a sacrificial altar of Ru.
  6627 | D:8      | Noticed a two-headed ogre
  6638 | D:8      | Killed a two-headed ogre
  6724 | D:8      | Reached * piety under Vehumet
  6724 | D:8      | Offered knowledge of Freeze by Vehumet.
  6727 | D:8      | Learned a level 1 spell: Freeze
  6773 | D:8      | Reached skill level 1 in Ice Magic
  6836 | D:8      | Noticed Feta's ghost (novice FoFi)
  6860 | D:8      | Killed Feta's ghost
  6860 | D:8      | Reached skill level 9 in Conjurations
  7043 | D:8      | Reached XP level 10. HP: 57/78 MP: 14/16
  7694 | D:9      | Noticed skittles's ghost (novice DrFE)
  7720 | D:9      | Killed from afar by skittles's ghost

Skill      XL: |  1  2  3  4  5  6  7  8  9 |
---------------+----------------------------+-----
Conjurations   | 2 3 4 6 8 9 |  9.2
Fire Magic     | 4 5 4 |  4.8
Shields        | 2 4 7 8 |  8.2
Fighting       | 4 |  4.2
Spellcasting   | 4 |  4.1
Ice Magic      | 2 |  2.9
Dodging        | |  1.7
Stealth        | |  1.7

Action                   |  1- 3 |  4- 6 |  7- 9 | 10-12 || total
-------------------------+-------+-------+-------+-------++-------
Melee: Whip              |   147 |    42 |       |       ||   189
       Unarmed           |     4 |       |       |       ||     4
       Tailslap          |    13 |    14 |    44 |     1 ||    72
       Rapier            |       |    78 |   257 |    31 ||   366
 Cast: Flame Tongue      |    28 |    22 |    22 |     9 ||    81
       Sticky Flame      |       |       |     6 |     1 ||     7
       Conjure Flame     |       |       |     1 |       ||     1
  Use: Scroll            |       |     4 |     1 |     4 ||     9
 Stab: Sleeping          |     2 |     1 |     9 |     1 ||    13
  Eat: Chunk             |     5 |     4 |    15 |     3 ||    27
Armor: Skin              |    61 |    73 |    87 |    10 ||   231
Dodge: Dodged            |   134 |    84 |   129 |    11 ||   358
Block: Shield            |       |    59 |   166 |    15 ||   240
       Reflection        |       |     1 |       |       ||     1
